cohdb
Replays
Latest Replays
All Replays
Popular Replays
Top Player Replays
Match Explorer
How It Works
Community
CoH3 Stats
Reddit
Sign in to upload your games and track your stats! →
Sign in with Steam
Match 41440843
Unlisted
Match 41440843
Overview
Messages
Build Orders
End
Kradschützen Motorcycle Team
Panzerpioneer Squad
Panzerpioneer Squad
Panzerpioneer Squad
Selects Armored Support Battlegroup
Construct Light Support Kompanie
MG34 Team
2.5-tonne Medical Truck
Selects Veteran Gunners
Selects Salvage Kits
Fire Support Elements
Pak 38 Anti-tank Gun Team
Panzerpioneer Squad
Pak 38 Anti-tank Gun Team
2.5-tonne Medical Truck
Construct Panzerarmee Kommand
Construct Panzerarmee Kommand
Veteran Squad Leaders
Armored Reserves
Panzerpioneer Squad
Selects Flammpanzer III Medium Tank
MG34 Team
Panzerpioneer Squad
Pak 38 Anti-tank Gun Team
Selects Panzer Storm
2.5-tonne Medical Truck
[CyPu]Lord Chaos
Lieutenant Guy
sw
Auxiliary Priest
0
0
Comments
sign in to comment!
No comments posted yet!